 Dungeon Crawl Stone Soup version 0.31-a0-175-g9f7f995f2b (webtiles) character file.

Game seed: 7298339501157551372

36 qw the Shooter (level 3, -2/32 HPs)
             Began as a Naga Hunter on June 16, 2023.
             Slain by a sleepcap (7 damage)
             ... on level 4 of the Dungeon.
             The game lasted 00:00:17 (468 turns).

qw the Shooter (Naga Hunter)                         Turns: 468, Time: 00:00:18

Health: -2/32      AC:  2    Str: 13    XL:     3   Next: 37%
Magic:  3/3        EV:  9    Int:  9    God:
Gold:   87         SH:  0    Dex: 16    Spells: 2/2 levels left

rFire   . . .        Y - +1 shortbow
rCold   . . .        (shield currently unavailable)
rNeg    + . .        c - +0 leather armour
rPois   +            (no helmet)
rElec   .            (no cloak)
rCorr   .            (no gloves)
SInv    +            (no barding)
Will    .....        i - amulet of regeneration
Stlth   ++           g - ring of positive energy
HPRegen 1.05/turn    (no ring)
MPRegen 0.08/turn

%: no passive effects
@: very slow
A: AC +1, large, see invisible, deformed body, poison resistance, slowness 2,
spit poison 1, naga tail 1
a: Spit Poison


You were on level 4 of the Dungeon.
You visited 1 branch of the dungeon, and saw 3 of its levels.

You collected 87 gold pieces.


Innate Abilities, Weirdness & Mutations

Your serpentine skin is tough. (AC +1)
You have supernaturally acute eyesight. (SInv)
Armour fits poorly on your strangely shaped body.
Your system is resistant to poisons. (rPois)
You cover ground very slowly.
You can spit poison.
You have a snake-like lower body.


   Skills:
 - Level 2.0 Fighting
 + Level 4.6 Ranged Weapons
 - Level 1.5 Dodging
 - Level 1.5 Stealth


You had 2 spell levels left.
You didn't know any spells.
Your spell library was empty.

Inventory:

Hand Weapons
 Y - a +1 shortbow (weapon)
Armour
 c - a +0 leather armour (worn)
 h - the +4 ring mail "Geen" {Rampage rF+ rCorr Dex-3}
   (You took it off a hobgoblin on level 2 of the Dungeon)

   Dex:       It affects your dexterity (-3).
   rF:        It protects you from fire.
   rCorr:     It protects you from acid and corrosion.
   Rampage:   It bestows one free step when moving towards enemies.
Jewellery
 g - a ring of positive energy (left hand)
 i - an amulet of regeneration (around neck)
Scrolls
 a - a scroll of identify
Potions
 b - a potion of heal wounds {unknown}
 d - a potion of might
 e - a potion of enlightenment {unknown}
 f - a potion of haste {unknown}
 j - a potion of curing {unknown}
 l - a potion of ambrosia {unknown}

Dungeon Overview and Level Annotations

Branches:
Dungeon (4/15)
 Temple: D:4-7

Altars:


Message History

The sleepcap releases spores at you. The sleepcap barely misses you.
You shoot an arrow. The arrow hits the sleepcap.
The sleepcap is heavily damaged.
The sleepcap barely misses you.
You shoot an arrow.
The arrow hits the sleepcap but does no damage.
The sleepcap is heavily damaged.
The sleepcap barely misses you.
You shoot an arrow. The arrow hits the sleepcap.
The sleepcap is heavily damaged.
The sleepcap releases spores at you.
You shoot an arrow. The arrow hits the sleepcap.
The sleepcap is heavily damaged.
The sleepcap barely misses you. The sleepcap releases spores at you.
You shoot an arrow. The arrow hits the sleepcap.
The sleepcap is severely damaged.
The sleepcap releases spores at you.
You are engulfed in a cloud of soporific spores!
You fall asleep.
The sleepcap releases spores at you!!
You wake up.
Ouch! That really hurt!
You shoot an arrow.
The arrow hits the sleepcap but does no damage.
The sleepcap is severely damaged.
The sleepcap releases spores at you.
You are engulfed in a cloud of soporific spores!
You are unaffected.
You shoot an arrow.
The arrow hits the sleepcap but does no damage.
The sleepcap is severely damaged.
The sleepcap releases spores at you but does no damage.
You shoot an arrow.
The arrow hits the sleepcap but does no damage.
The sleepcap is severely damaged.
The sleepcap barely misses you.
You shoot an arrow.
The arrow hits the sleepcap but does no damage.
The sleepcap is severely damaged.
The sleepcap releases spores at you!
You die...

...#####.# #..#
.........#####..#
.................
.........#####.##
########.#####.###.##.
#..............
#######.###.##. #.#
#@# +..fJ.<...
##.######. #?# ... #.#
#.# #.#


You could see a sleepcap and an endoplasm.

Vanquished Creatures
  2 adders (D:2)
  A giant cockroach (D:1)
  A goblin (D:1)
  6 hobgoblins
  2 kobolds
  A ball python (D:1)
  2 bats (D:1)
  2 rats (D:1)
17 creatures vanquished.

Notes
Turn   | Place    | Note
-------+----------+-------------------------------------------
     0 | D:1      | qw the Naga Hunter began the quest for the Orb.
     0 | D:1      | Reached XP level 1. HP: 19/19 MP: 1/1
     0 | D:1      | 0 ||| qw: Version: 0.2-a-29-g511e9b1
     0 | D:1      | 0 ||| qw: Game counter: 5927
     0 | D:1      | 0 ||| qw: Always use a shield: true
     0 | D:1      | 0 ||| qw: God list: Okawaru
     0 | D:1      | 0 ||| qw: Allow faded altars: false
     0 | D:1      | 0 ||| qw: Do Orc after D:15 true
     0 | D:1      | 0 ||| qw: Do second Lair branch before Depths: true
     0 | D:1      | 0 ||| qw: Lair rune preference: random
     0 | D:1      | 0 ||| qw: Plans: Normal
     0 | D:1      | 0 ||| PLANNING D:1-11
    14 | D:1      | 14 ||| INVOKING Spit Poison.
    17 | D:1      | 17 ||| INVOKING Spit Poison.
    45 | D:1      | 45 ||| INVOKING Spit Poison.
    75 | D:1      | Reached skill level 4 in Ranged Weapons
    75 | D:1      | Reached XP level 2. HP: 26/26 MP: 2/2
    76 | D:1      | 76 ||| INVOKING Spit Poison.
   213 | D:1      | 213 ||| INVOKING Spit Poison.
   245 | D:1      | 245 ||| INVOKING Spit Poison.
   324 | D:1      | 324 ||| UPGRADING to amulet of regeneration.
   329 | D:1      | 329 ||| DROPPING amulet of guardian spirit.
   330 | D:1      | 330 ||| UPGRADING to ring of positive energy.
   331 | D:1      | 331 ||| READING 2 scrolls labelled FUODUK QECVE.
   332 | D:1      | 332 ||| READING scroll labelled BUKLOC HURANE.
   333 | D:1      | 333 ||| DRINKING 2 fizzy blue potions.
   334 | D:1      | 334 ||| DROPPING scroll of butterflies.
   354 | D:2      | 354 ||| INVOKING Spit Poison.
   357 | D:2      | 357 ||| INVOKING Spit Poison.
   358 | D:2      | Reached XP level 3. HP: 30/32 MP: 3/3
   373 | D:2      | Identified the +4 ring mail "Geen" {Rampage rF+ rCorr
                  | Dex-3}
   375 | D:2      | 375 ||| INVOKING Spit Poison.
   381 | D:2      | 381 ||| INVOKING Spit Poison.
   384 | D:2      | 384 ||| INVOKING Spit Poison.
   385 | D:2      | 385 ||| INVOKING Spit Poison.
   398 | D:2      | 398 ||| INVOKING Spit Poison.
   441 | D:2      | You fall into a shaft and drop 2 floors!
   464 | D:4      | HP: 5/32 [sleepcap (21)]
   465 | D:4      | HP: 1/32 [sleepcap (5)]
   468 | D:4      | Slain by a sleepcap

Levels and vault maps discovered:
D:1:      reono_arrival_forest_river, layout_rooms
D:2:      layout_basic
D:4:      layout_basic, uniq_robin

Skill      XL: |  1 |
---------------+----+-----
Ranged Weapons | 4 |  4.6
Fighting       | |  2.0
Dodging        | |  1.5
Stealth        | |  1.5

Action                     || total
---------------------------++-------
   Fire: Shortbow          ||    44
Ability: Spit Poison       ||    12
    Use: Scroll            ||     2
         Potion            ||     1
 Armour: Leather armour    ||     3
  Dodge: Dodged            ||    12

Table legend:
 A = Non-vault XP
 B = Vault XP
 C = Vault XP percentage of total XP
 D = Non-vault monster count
 E = Vault monster count
 F = Vault count percentage of total count
                 A         B        C        D         E       F
            +---------+---------+-------+---------+---------+-------
      Total |      52 |       0 |   0.0 |      17 |       0 |   0.0
            +---------+---------+-------+---------+---------+-------
        D:1 |      22 |       0 |   0.0 |      13 |       0 |   0.0
        D:2 |      30 |       0 |   0.0 |       4 |       0 |   0.0
            +---------+---------+-------+---------+---------+-------
